 Dungeon Crawl Stone Soup version 0.23.2-33-g5129a83184 (webtiles) character file.

Game seed: 3514943704088556436

126389 doot the Devastator (level 16, -4/141 HPs)
             Began as a Pale Draconian Wizard on July 17, 2019.
             Was a High Priest of Sif Muna.
             Killed by divine providence
             ... invoked by a meliai
             ... summoned by a skeletal warrior
             ... led by a skeletal warrior
              (12 damage)
             ... on level 15 of the Dungeon on July 19, 2019.
             The game lasted 02:48:11 (47327 turns).

doot the Devastator (Pale Draconian Wizard)        Turns: 47327, Time: 02:48:11

Health: -4/141     AC: 12    Str: 10    XL:     16   Next: 43%
Magic:  30/33      EV: 15    Int: 29    God:    Sif Muna [*****.]
Gold:   2454       SH:  0    Dex:  9    Spells: 11/42 levels left

rFire    . . .     SeeInvis .   b - staff of conjuration
rCold    . . .     Gourm    +   (no shield)
rNeg     . . .     Faith    .   (armour unavailable)
rPois    .         Spirit   .   F - +1 hat
rElec    .         Reflect  .   E - scarf {repulsion}
rCorr    .         Harm     .   N - +0 pair of gloves
MR       +....                  j - +0 pair of boots
Stlth    +++.......             V - amulet of the gourmand
HPRegen  0.33/turn              f - ring of flight
MPRegen  0.23/turn              m - +3 ring of intelligence

@: very slightly contaminated, divine energy, repel missiles
A: breathe steam, unfitting armour, clever 1, clumsy 1, robust 1, evolution 1,
cold-blooded, AC +9
a: Breathe Steam, Stop Divine Energy, Channel Magic, Forget Spell, Renounce
Religion, Evoke Flight


You were on level 15 of the Dungeon.
You worshipped Sif Muna.
Sif Muna was extremely pleased with you.
You were full.

You visited 6 branches of the dungeon, and saw 29 of its levels.

You collected 2866 gold pieces.
You spent 412 gold pieces at shops.

Inventory:

Hand Weapons
 a - a +7 rapier of venom
 X - the +8 demon trident "Rift" {distort, reach+}
   (You found it on level 6 of the Lair of Beasts)

   It warps and distorts space around it.
   Unwielding it can cause banishment or high damage.
Armour
 j - a +0 pair of boots (worn)
 E - a scarf of repulsion (worn)
 F - a +1 hat (worn)
 N - a +0 pair of gloves (worn)
Magical Staves
 b - an uncursed staff of conjuration (weapon)
Jewellery
 f - a ring of flight (left hand)
 m - a +3 ring of intelligence (right hand)
 w - an uncursed ring of ice
 G - an uncursed ring of see invisible
 I - a +4 ring of dexterity
 J - an uncursed amulet of regeneration
 K - an uncursed amulet of the acrobat
 M - an uncursed amulet of magic regeneration
 V - an amulet of the gourmand (around neck)
Wands
 k - a wand of clouds (6)
 q - a wand of iceblast (35)
 t - a wand of paralysis (9)
 x - a wand of scattershot (13)
 P - a wand of digging (10)
Scrolls
 g - 8 scrolls of remove curse
 n - 3 scrolls of blinking
 s - 2 scrolls of fog
 u - 2 scrolls of amnesia {unknown}
 y - 3 scrolls of immolation
 B - 2 scrolls of magic mapping
 D - 11 scrolls of teleportation
 L - 2 scrolls of summoning
 O - a scroll of vulnerability {unknown}
 Q - a scroll of acquirement {unknown}
 R - 5 scrolls of enchant armour
 S - 6 scrolls of enchant weapon
 T - 5 scrolls of fear
 U - a scroll of torment {unknown}
Potions
 d - a potion of invisibility
 e - 6 potions of curing
 h - 7 potions of heal wounds
 i - 2 potions of lignification
 l - 6 potions of brilliance
 o - 2 potions of might
 p - 5 potions of agility
 r - 2 potions of ambrosia
 z - 4 potions of magic
 A - 2 potions of haste
 C - 7 potions of flight
 H - 2 potions of mutation
 W - a potion of berserk rage
 Y - a potion of resistance
 Z - 2 potions of cancellation
Miscellaneous
 v - a phantom mirror
Comestibles
 c - 35 rations


   Skills:
 + Level 8.7 Fighting
 + Level 10.9 Short Blades
 + Level 5.7 Polearms
 + Level 0.9(3.6) Staves
 + Level 7.6 Dodging
 + Level 6.5 Stealth
 + Level 13.9 Spellcasting
 + Level 15.2 Conjurations
 + Level 1.2 Summonings
 + Level 7.3 Translocations
 + Level 6.4 Fire Magic
 + Level 5.1 Air Magic
 + Level 4.6 Poison Magic
 + Level 0.6 Evocations


You had 11 spell levels left.
You knew the following spells:

 Your Spells              Type           Power        Failure   Level  Hunger
a - Magic Dart            Conj           ####         0%          1    None
b - Blink                 Tloc           N/A          1%          2    None
c - Call Imp              Summ           ####....     2%          2    None
d - Conjure Flame         Conj/Fire      #######.     1%          3    None
e - Mephitic Cloud        Conj/Pois/Air  #######.     1%          3    None
f - Orb of Destruction    Conj           ########..   4%          7    #####..
g - Bolt of Fire          Conj/Fire      #######...   4%          6    ####...
h - Airstrike             Air            ######....   3%          4    None
i - Regeneration          Chrm/Necr      ###.......   8%          3    None

Your spell library contained the following spells:

 Spells                   Type           Power        Failure   Level  Hunger
 Searing Ray              Conj           ######       0%          2    None
 Apportation              Tloc           ######       1%          1    None
 Flame Tongue             Conj/Fire      #####        1%          1    None
 Shock                    Conj/Air       ####         1%          1    None
 Summon Butterflies       Summ           ####....     1%          1    None
 Summon Small Mammal      Summ           ####         1%          1    None
 Swiftness                Chrm/Air       #####...     1%          2    None
 Throw Flame              Conj/Fire      ######       1%          2    None
 Throw Frost              Conj/Ice       ######       1%          2    None
 Dazzling Spray           Conj/Hex       ######       1%          3    None
 Gell's Gravitas          Tloc           ######....   1%          3    None
 Ignite Poison            Fire/Tmut/Pois #####...     1%          3    None
 Inner Flame              Hex/Fire       #####...     1%          3    None
 Portal Projectile        Hex/Tloc       #####.       1%          3    None
 Static Discharge         Conj/Air       #######.     1%          3    None
 Force Lance              Conj/Tloc      #######.     1%          4    None
 Fulminant Prism          Conj/Hex       #######...   1%          4    None
 Iskenderun's Mystic Bla  Conj           ########     1%          4    None
 Sticky Flame             Conj/Fire      #######.     1%          4    None
 Fireball                 Conj/Fire      #######...   1%          5    None
 Lightning Bolt           Conj/Air       #######...   1%          5    None
 Venom Bolt               Conj/Pois      #######...   1%          5    None
 Animate Skeleton         Necr           N/A          2%          1    None
 Beastly Appendage        Tmut           ###...       2%          1    None
 Confusing Touch          Hex            ###...       2%          1    None
 Corona                   Hex            ###....      2%          1    None
 Passwall                 Tmut/Erth      ###.....     3%          2    None
 Slow                     Hex            ###.....     3%          2    None
 Bolt of Magma            Conj/Fire/Erth #######...   3%          5    None
 Irradiate                Conj/Tmut      #######...   3%          5    None
 Iskenderun's Battlesphe  Conj/Chrm      #######.     3%          5    None
 Call Canine Familiar     Summ           ####....     4%          3    None
 Confuse                  Hex            ###.....     8%          3    None
 Bolt of Cold             Conj/Ice       #######...   17%         6    ####...
 Iron Shot                Conj/Erth      #######...   17%         6    ####...
 Summon Ice Beast         Ice/Summ       ###.....     19%         4    None
 Freezing Cloud           Conj/Ice/Air   ######....   24%         6    ####...
 Animate Dead             Necr           N/A          26%         4    None
 Cause Fear               Hex            ###.......   26%         4    None
 Ice Form                 Ice/Tmut       ###.....     26%         4    None
 Leda's Liquefaction      Hex/Erth       ###.......   26%         4    None
 Petrify                  Tmut/Erth      ###.....     26%         4    None
 Alistair's Intoxication  Tmut/Pois      ####....     26%         5    None
 Summon Mana Viper        Hex/Summ       ###.....     47%         5    None
 Agony                    Necr           ###.....     56%         5    None
 Dispel Undead            Necr           ###.....     56%         5    None
 Metabolic Englaciation   Hex/Ice        ###.......   56%         5    None
 Yara's Violent Unravell  Hex/Tmut       ###.......   56%         5    None
 Spellforged Servitor     Conj/Summ      #######...   56%         7    #####..
 Ozocubu's Refrigeration  Ice            ###.......   98%         6    ####...
 Simulacrum               Ice/Necr       ###.......   98%         6    ####...
 Statue Form              Tmut/Erth      ###......    98%         6    ####...
 Malign Gateway           Summ/Tloc      #####.....   98%         7    #####..
 Dragon Form              Tmut           ###.......   100%        7    #####..
 Summon Hydra             Summ           ####......   100%        7    #####..
 Borgnjor's Revivificati  Necr           ###.......   100%        8    #######
 Dragon's Call            Summ           ####......   100%        9    #######


Dungeon Overview and Level Annotations

Branches:
Dungeon (15/15)            Temple (1/1) D:5            Lair (6/6) D:9
  Swamp (4/4) Lair:4        Snake (0/4) Lair:4        Slime (0/5) Lair:6
    Orc (2/2) D:9             Elf (1/3) Orc:2        Vaults (0/5) D:14
 Depths: D:15

Altars:
Ashenzari
Cheibriados
Dithmenos
Elyvilon
Fedhas
Gozag
Hepliaklqana
Kikubaaqudgha
Makhleb
Nemelex Xobeh
Okawaru
Qazlal
Ru
Sif Muna
Trog
Uskayaw
Vehumet
Wu Jian
Xom
Yredelemnul
Zin
The Shining One
Beogh

Shops:
D:6 [   D:12 *   Orc:2 }*(!

Portals:
Pandemonium: Orc:2

Annotations:
D:5 2 transporters, RatmanManrat's ghost, novice MiBe
Lair:1 exclusion: 2 oklob plants
Lair:6 3 runed translucent doors, Flogoulo's ghost, journeyman FoAK; Frank's ghost, journeyman DsFi
Swamp:1 2 transporters


Innate Abilities, Weirdness & Mutations

You can breathe blasts of scalding, opaque steam.
Your pale cyan-grey scales are hard. (AC +9)
You cannot fit into any form of body armour.
You are cold-blooded and may be slowed by cold attacks.
Your mind is acute. (Int +2)
You are clumsy. (Dex -2)
You are robust. (+10% HP)
You evolve.


Message History

Something smites you! The meliai hits you with a +0 war axe.
The meliai misses you.
The meliai calls down the wrath of its god upon you.
Something smites you!
* * * LOW HITPOINT WARNING * * *
The meliai mumbles some strange prayers to its god against you.
Something smites you!
* * * LOW HITPOINT WARNING * * *
The meliai misses you. The meliai stings you.
* * * LOW HITPOINT WARNING * * *
The meliai calls down the wrath of its god upon you.
Something smites you!
* * * LOW HITPOINT WARNING * * *
Blink to where?
Press: ? - help, Dir - move target cursor, p - skeletal warrior You are very lightly contaminated with residual magic.
As you read the scroll of blinking, it crumbles to dust.
The meliai calls down the wrath of its god upon you.
Something smites you!
You die...

#.....zz.y.z.......#
#..(.####'###.<....#
###.....#......#y.....#
.....[..z#......'.[....#
.........#......#......#
.........#......#......#
.........#......#......####
.........########y........#
............@..y....(..####
.........<.............#
...................[..#
####..............#
#.######.......# #.#
#....#### #.# #....#
#######.# #....# ........#
#....#


You could see 2 meliai.

Vanquished Creatures
  Roxanne (Swamp:1)
  An ironheart preserver (D:14)
  A deep elf demonologist (Elf:1)
  Snorg (Lair:3)
  A rakshasa (D:14)
  Josephine (Lair:3)
  11 hydras
  Harold (D:7)
  3 centaur warriors
  3 catoblepae (Lair:6)
  Erica (D:9)
  A ghost crab (Swamp:2)
  A death knight (D:15)
  7 two-headed ogres
  10 alligators
  11 death yaks
  2 tengu warriors (D:15)
  8 orc high priests (Orc:2)
  Urug (Orc:2)
  A deep elf knight (Elf:1)
  A fire crab (Lair:5)
  2 unseen horrors
  4 skeletal warriors
  An infernal demonspawn (Orc:2)
  3 spriggan druids (Swamp:3)
  Pikel (D:8)
  A swamp dragon (Swamp:3)
  A gelid demonspawn (Orc:2)
  A phantasmal warrior (D:14)
  A deep elf archer (Elf:1)
  A lindwurm (Lair:5)
  4 orc knights
  4 orc sorcerers (Orc:2)
  2 oklob plants (Lair:6)
  14 deep elf magi
  4 manticores
  9 ugly things
  A cyclops (D:14)
  2 centaur zombies
  10 elephants
  An ice statue (Lair:6)
  4 black mambas
  A rust devil (Orc:2)
  A smoke demon (Orc:2)
  20 spiny frogs
  4 rime drakes
  3 kobold demonologists (D:13)
  A centaur skeleton (D:14)
  3 freezing wraiths
  4 komodo dragons
  2 efreet
  A tengu conjurer (D:13)
  A redback zombie (D:13)
  3 polar bears
  4 trolls
  A jumping spider (shapeshifter) (D:14)
  7 tyrant leeches
  6 hornets
  5 bog bodies
  12 blink frogs
  5 dream sheep
  8 hippogriffs
  14 slime creatures
  Sigmund (D:5)
  6 wraiths
  An air elemental (Elf:1)
  5 spriggans (Swamp:3)
  2 shadows
  34 yaks
  A vampire (D:14)
  2 basilisks
  3 wyverns
  A neqoxec (Orc:2)
  15 vampire mosquitoes
  5 hungry ghosts
  6 insubstantial wisps
  A redback simulacrum (D:14)
  A soldier ant (D:10)
  13 swamp worms
  3 nagas (Lair:4)
  3 wargs
  14 water moccasins
  Duvessa (D:4)
  7 ice beasts
  8 porcupines
  28 orc warriors
  5 sky beasts
  2 swamp drakes
  A slave (D:8)
  A black bear (D:5)
  A hornet zombie (D:14)
  4 eyes of draining
  10 ogres
  3 phantoms
  15 centaurs
  4 wolves
  3 big kobolds
  17 crocodiles
  20 bullfrogs
  An earth elemental (Elf:1)
  Dowan (D:4)
  A wyvern skeleton (D:14)
  A scorpion (D:7)
  5 killer bees (D:10)
  8 wights
  An electric eel (Lair:3)
  8 crimson imps
  4 howler monkeys
  2 bullfrog zombies
  6 hounds
  5 jellies
  A quasit (D:10)
  25 orc priests
  6 iguanas
  21 orc wizards
  7 worker ants
  2 hound zombies
  2 hound skeletons
  10 adders
  3 shadow imps
  2 white imps (Lair:6)
  An adder skeleton (D:4)
  A worm (D:1)
  2 dart slugs
  3 leopard geckos
  83 orcs
  4 giant cockroaches
  5 goblins
  9 hobgoblins
  19 jackals
  16 kobolds
  8 quokkas
  8 bats
  4 frilled lizards
  A quokka skeleton (D:5)
  A quokka zombie (D:5)
  8 rats
  2 plants
789 creatures vanquished.

Vanquished Creatures (others)
  A fire vortex (Lair:6)
  5 fungi
  10 plants (Lair:6)
  6 withered plants (Lair:6)
22 creatures vanquished.

Grand Total: 811 creatures vanquished

Notes
Turn   | Place    | Note
-------+----------+-------------------------------------------
     0 | D:1      | doot the Draconian Wizard began the quest for the Orb.
     0 | D:1      | Reached XP level 1. HP: 14/14 MP: 4/4
   401 | D:1      | Reached XP level 2. HP: 7/20 MP: 0/6
   730 | D:2      | Learned a level 2 spell: Blink
   850 | D:2      | You fall through a shaft!
   863 | D:2      | Learned a level 2 spell: Call Imp
   918 | D:2      | Noticed a howler monkey
  1133 | D:1      | Reached XP level 3. HP: 23/27 MP: 8/8
  1242 | D:1      | Reached skill level 1 in Fighting
  1273 | D:1      | Learned a level 3 spell: Conjure Flame
  1464 | D:2      | Reached skill level 1 in Polearms
  1464 | D:2      | Reached XP level 4. HP: 34/35 MP: 5/9
  2221 | D:3      | Found an ornate altar of the Wu Jian Council.
  2688 | D:4      | Found a roughly hewn altar of Beogh.
  2700 | D:4      | Noticed Dowan
  2722 | D:4      | Noticed Duvessa
  2723 | D:4      | Noticed a phantom
  2938 | D:3      | Reached XP level 5. HP: 40/40 MP: 1/10
  2947 | D:3      | Learned a level 3 spell: Mephitic Cloud
  3364 | D:3      | Killed a phantom
  3364 | D:3      | Reached XP level 6. HP: 34/48 MP: 6/12
  3508 | D:4      | Reached skill level 2 in Conjurations
  3585 | D:4      | Killed Duvessa
  3715 | D:4      | Killed Dowan
  3715 | D:4      | Your scales start taking on a pale cyan-grey colour.
  3715 | D:4      | Reached XP level 7. HP: 55/55 MP: 4/13
  3924 | D:4      | Reached skill level 5 in Polearms
  3980 | D:5      | Entered Level 5 of the Dungeon
  4282 | D:5      | Found a burning altar of Makhleb.
  4308 | D:5      | Found a staircase to the Ecumenical Temple.
  4322 | Temple   | Entered the Ecumenical Temple
  4360 | Temple   | Became a worshipper of Sif Muna the Loreminder
  4486 | D:5      | Noticed Sigmund
  4495 | D:5      | Killed Sigmund
  4495 | D:5      | Reached skill level 1 in Short Blades
  4495 | D:5      | Reached skill level 1 in Air Magic
  4495 | D:5      | Reached skill level 1 in Poison Magic
  4789 | D:5      | Found a transporter.
  4790 | D:5      | Noticed RatmanManrat's ghost (novice MiBe)
  4792 | D:5      | Found a transporter.
  5314 | D:5      | Reached XP level 8. HP: 62/62 MP: 5/14
  5672 | D:6      | Reached skill level 3 in Conjurations
  5727 | D:6      | Reached * piety under Sif Muna
  5899 | D:6      | Reached skill level 5 in Spellcasting
  6064 | D:6      | Found Takan's Armour Boutique.
  6098 | D:6      | Bought a scarf of repulsion for 120 gold pieces
  6098 | D:6      | Bought a +1 hat for 110 gold pieces
  6214 | D:6      | Reached skill level 4 in Conjurations
  6476 | D:7      | Reached XP level 9. HP: 59/70 MP: 17/17
  6594 | D:7      | Reached skill level 1 in Fire Magic
  6950 | D:7      | Noticed Harold
  6979 | D:7      | Killed Harold
  6979 | D:7      | Reached ** piety under Sif Muna
  6979 | D:7      | Reached skill level 5 in Conjurations
  6995 | D:7      | Reached skill level 5 in Short Blades
  7221 | D:7      | Found an opulent altar of Gozag.
  7294 | D:8      | Noticed a two-headed ogre
  7312 | D:8      | Killed a two-headed ogre
  7312 | D:8      | Reached skill level 5 in Fighting
  7366 | D:8      | Reached XP level 10. HP: 59/81 MP: 13/19
  7896 | D:8      | Found a sacrificial altar of Ru.
  8014 | D:8      | Noticed Pikel
  8027 | D:8      | Killed Pikel
  8179 | D:9      | Noticed a two-headed ogre
  8204 | D:9      | Killed a two-headed ogre
  8301 | D:9      | Noticed a two-headed ogre
  8334 | D:9      | Killed a two-headed ogre
  8458 | D:9      | Noticed Erica
  8547 | D:9      | Found a staircase to the Orcish Mines.
  8586 | D:9      | Noticed a two-headed ogre
  8636 | D:9      | Killed a two-headed ogre
  8636 | D:9      | Reached *** piety under Sif Muna
  8636 | D:9      | Reached skill level 6 in Conjurations
  8942 | D:9      | Killed Erica
  8942 | D:9      | Reached XP level 11. HP: 85/89 MP: 11/22
  9035 | D:9      | Found a staircase to the Lair.
  9053 | D:9      | Found a bloodstained altar of Trog.
  9140 | D:9      | Found a glowing silver altar of Zin.
  9213 | D:10     | Entered Level 10 of the Dungeon
  9227 | Orc:1    | Entered Level 1 of the Orcish Mines
  9401 | Orc:2    | Entered Level 2 of the Orcish Mines
  9784 | Orc:2    | Found a staircase to the Elven Halls.
 10021 | Lair:1   | Entered Level 1 of the Lair of Beasts
 10037 | Lair:1   | Reached skill level 5 in Stealth
 10065 | Lair:1   | Noticed a five-headed hydra
 10351 | D:10     | Reached **** piety under Sif Muna
 10387 | D:10     | Noticed a two-headed ogre
 10401 | D:10     | Killed a two-headed ogre
 11086 | D:10     | Paralysed by a hornet for 1 turns
 11405 | D:10     | Reached skill level 5 in Dodging
 11571 | D:10     | Found an ancient bone altar of Kikubaaqudgha.
 12140 | D:11     | You fall through a shaft for 3 floors!
 12143 | D:14     | Noticed a centaur warrior
 12637 | D:12     | Found Tuxur's Assorted Antiques.
 12669 | D:12     | Bought a scroll labeled WYCOTW SOSS for 39 gold pieces
 12669 | D:12     | Bought a scroll labeled SUFAUN JEAQY for 39 gold pieces
 12669 | D:12     | Bought 2 green potions for 70 gold pieces
 12747 | D:11     | Noticed a two-headed ogre
 12760 | D:11     | Killed a two-headed ogre
 12760 | D:11     | Reached skill level 7 in Conjurations
 12760 | D:11     | Reached XP level 12. HP: 62/97 MP: 16/24
 12909 | D:12     | Noticed a centaur warrior
 12922 | D:12     | Killed a centaur warrior
 13346 | D:12     | Found a shattered altar of Ashenzari.
 13418 | D:12     | Noticed a two-headed ogre
 13441 | D:12     | Killed a two-headed ogre
 13441 | D:12     | Reached ***** piety under Sif Muna
 13647 | D:12     | Noticed a four-headed hydra
 13713 | D:11     | Killed a four-headed hydra
 13999 | D:11     | Reached skill level 8 in Conjurations
 14066 | D:12     | Identified Sif Muna's Reference Book on Harmful Cold (Sif
                  | Muna gifted it to you on level 12 of the Dungeon)
 14066 | D:12     | Received a gift from Sif Muna
 14399 | D:11     | Reached skill level 9 in Conjurations
 15078 | Orc:1    | Learned a level 7 spell: Orb of Destruction
 16004 | D:9      | Killed a five-headed hydra
 16004 | D:9      | Reached skill level 10 in Conjurations
 17212 | Lair:1   | Reached skill level 11 in Conjurations
 17720 | Lair:2   | Reached XP level 13. HP: 91/104 MP: 26/26
 18655 | Lair:3   | Noticed Snorg
 18668 | Lair:3   | Killed Snorg
 18668 | Lair:3   | Identified Zoit's Volume of Battle Magic (Sif Muna gifted
                  | it to you on level 3 of the Lair of Beasts)
 18668 | Lair:3   | Received a gift from Sif Muna
 18668 | Lair:3   | Reached skill level 12 in Conjurations
 20810 | Lair:4   | Noticed Josephine
 21148 | Lair:3   | Killed Josephine
 21162 | Lair:3   | HP: 4/105 [swamp worm (17)]
 22015 | Lair:4   | Found a staircase to the Snake Pit.
 22611 | Lair:4   | Reached skill level 5 in Translocations
 22830 | Lair:4   | Found a staircase to the Swamp.
 22917 | Lair:3   | Reached skill level 10 in Spellcasting
 24100 | Lair:4   | Reached skill level 10 in Short Blades
 24441 | Lair:5   | Reached skill level 13 in Conjurations
 24763 | Lair:5   | Reached XP level 14. HP: 113/113 MP: 13/28
 26113 | Lair:6   | Entered Level 6 of the Lair of Beasts
 26115 | Lair:6   | Identified Sif Muna's Incunabulum of the Entourage and
                  | Black Rituals (Sif Muna gifted it to you on level 6 of the
                  | Lair of Beasts)
 26115 | Lair:6   | Received a gift from Sif Muna
 26751 | Lair:6   | Found a staircase to the Slime Pits.
 27079 | Lair:5   | Learned a level 6 spell: Bolt of Fire
 28454 | Lair:6   | Found a runed translucent gate.
 28454 | Lair:6   | Found a runed translucent gate.
 28454 | Lair:6   | Found a runed translucent gate.
 28459 | Lair:6   | Noticed Flogoulo's ghost (journeyman FoAK)
 28459 | Lair:6   | Noticed Frank's ghost (journeyman DsFi)
 28460 | Lair:6   | Found the +8 demon trident "Rift" {distort, reach+}
 30414 | Orc:2    | Noticed Urug
 30516 | Orc:2    | Killed Urug
 31002 | Orc:2    | Paralysed by an orc sorcerer for 4 turns
 31053 | Orc:2    | Learned a level 4 spell: Airstrike
 31485 | Orc:2    | Received a gift from Sif Muna
 31585 | Orc:2    | Found Quezod's General Store.
 31586 | Orc:2    | Found Qeasa's Distillery.
 31833 | Orc:2    | Gained mutation: You tend to lose your temper in combat. [a
                  | neqoxec]
 32797 | Orc:2    | HP: 1/114 [sixfirhy[an orc sorcerer] (10)]
 33537 | Orc:2    | Gained mutation: Your magical capacity is low. (-10% MP) [a
                  | neqoxec]
 33538 | Orc:2    | Gained mutation: You are clumsy. (Dex -2) [a neqoxec]
 33820 | Orc:2    | Bought a scroll of identify for 34 gold pieces
 34534 | Orc:2    | Reached XP level 15. HP: 121/121 MP: 13/27
 35125 | Orc:2    | Reached skill level 5 in Air Magic
 35292 | Orc:2    | Reached skill level 14 in Conjurations
 35302 | Orc:2    | Found Ughuiqeth's Gadget Shoppe.
 35302 | Orc:2    | Found Guext's Antique Weapon Emporium.
 35302 | Orc:2    | Found a one-way gate leading to the halls of Pandemonium.
 36357 | D:14     | Found a gate to the Vaults.
 37478 | D:14     | Received a gift from Sif Muna
 37735 | D:15     | Entered Level 15 of the Dungeon
 38544 | D:14     | Lost mutation: Your magical capacity is low. (-10% MP)
                  | [potion of mutation]
 38544 | D:14     | Lost mutation: You tend to lose your temper in combat.
                  | [potion of mutation]
 38544 | D:14     | Gained mutation: You evolve. [potion of mutation]
 38544 | D:14     | Gained mutation: Your mind is acute. (Int +2) [potion of
                  | mutation]
 38666 | Elf:1    | Entered Level 1 of the Elven Halls
 38675 | Elf:1    | Reached skill level 5 in Fire Magic
 40021 | Elf:1    | Identified Sif Muna's Collected Works on the Entourage
 40522 | Swamp:1  | Entered Level 1 of the Swamp
 40579 | Swamp:1  | Identified Roxanne's Incunabulum of Moulding
 40579 | Swamp:1  | Noticed Roxanne
 40595 | Swamp:1  | Killed Roxanne
 41331 | Swamp:1  | Found a transporter.
 41336 | Swamp:1  | Found a transporter.
 42589 | Swamp:2  | Identified Sif Muna's Almanac of Dark Transformation (Sif
                  | Muna gifted it to you on level 2 of the Swamp)
 42589 | Swamp:2  | Received a gift from Sif Muna
 42936 | Swamp:2  | Reached XP level 16. HP: 129/129 MP: 25/33
 43882 | Swamp:2  | Reached skill level 15 in Conjurations
 44340 | Swamp:3  | Learned a level 3 spell: Regeneration
 44521 | Swamp:2  | Gained mutation: You are robust. (+10% HP) [evolution]
 46290 | Swamp:4  | Entered Level 4 of the Swamp
 47322 | D:15     | HP: 6/141 [meliai/divine providence[a skeletal warrior]
                  | (16)]
 47327 | D:15     | Killed from afar by a meliai

Skill      XL: |  1  2  3  4  5  6  7  8  9 10 11 12 13 14 15 16 |
---------------+-------------------------------------------------+-----
Stealth        | 2 3 4 5 6 |  6.5
Fighting       | 1 2 3 5 6 7 8 |  8.7
Polearms       | 1 2 3 4 5 |  5.7
Dodging        | 2 3 4 5 6 7 |  7.6
Spellcasting   | 4 5 6 7 8 9 10 12 13 | 13.9
Conjurations   | 2 4 5 6 7 11 13 14 15 | 15.2
Short Blades   | 1 3 5 7 9 10 | 10.9
Air Magic      | 1 2 3 4 5 |  5.1
Poison Magic   | 1 2 3 4 |  4.6
Fire Magic     | 1 2 3 4 5 6 |  6.4
Translocations | 3 4 5 6 7 |  7.3
Staves         | |  0.9
Summonings     | |  1.2
Evocations     | |  0.6

Action                   |  1- 3 |  4- 6 |  7- 9 | 10-12 | 13-15 | 16-18 || total
-------------------------+-------+-------+-------+-------+-------+-------++-------
Melee: Unarmed           |    11 |       |       |       |       |       ||    11
       Bardiche          |    38 |   144 |     2 |       |       |       ||   184
       Tailslap          |     2 |     7 |    24 |    57 |    38 |       ||   128
       Rapier            |       |     6 |   186 |   542 |   369 |    13 ||  1116
       Staff             |       |       |       |       |    14 |       ||    14
 Cast: Magic Dart        |    49 |    56 |    82 |   240 |    27 |       ||   454
       Blink             |     2 |     6 |     2 |    36 |    76 |     8 ||   130
       Conjure Flame     |       |     5 |    13 |    42 |    12 |     5 ||    77
       Mephitic Cloud    |       |     5 |    20 |    46 |    17 |       ||    88
       Orb of Destructio |       |       |       |       |   251 |    51 ||   302
       Call Imp          |       |       |       |       |     5 |       ||     5
       Airstrike         |       |       |       |       |    32 |       ||    32
       Bolt of Fire      |       |       |       |       |    76 |    40 ||   116
       Regeneration      |       |       |       |       |       |     3 ||     3
Invok: Divine Energy     |       |       |     1 |       |       |       ||     1
 Abil: Breathe Steam     |       |       |     2 |    15 |    15 |     5 ||    37
       Evoke Flight      |       |       |       |       |       |     4 ||     4
Evoke: Wand              |       |       |       |     1 |       |     6 ||     7
  Use: Scroll            |     2 |       |     7 |     9 |    12 |     5 ||    35
       Potion            |       |       |       |       |     3 |       ||     3
 Stab: Sleeping          |     2 |     2 |       |    11 |    11 |       ||    26
       Confused          |       |     3 |     5 |    15 |     5 |       ||    28
       Distracted        |       |       |       |     1 |       |       ||     1
  Eat: Chunk             |     2 |     8 |    13 |    30 |   196 |    23 ||   272
       Ration            |       |       |       |     1 |     7 |     6 ||    14
Armor: Skin              |    30 |    62 |    68 |   111 |   139 |    32 ||   442
Dodge: Dodged            |    69 |   113 |   113 |   308 |   349 |    54 ||  1006
       Deflected         |       |       |     4 |    11 |    34 |     8 ||    57
